 Dungeon Crawl Stone Soup version 0.27-a0-1090-gb115f176c6 (webtiles) character file.

Game seed: 7927814145255865874

49 robertstho the Magician (level 3, -6/25 HPs)
             Began as a Djinni Fire Elementalist on Apr 27, 2021.
             Killed from afar by a white imp (12 damage)
             ... with a puff of frost
             ... summoned by Natasha
             ... on level 3 of the Dungeon.
             The game lasted 00:02:44 (2500 turns).

robertstho the Magician (Djinni Fire Elementalist)  Turns: 2500, Time: 00:02:45

Health: -6/25      AC:  2    Str:  7    XL:     3   Next: 77%
Gold:   96         EV: 12    Int: 17    God:
                   SH:  0    Dex: 13

rFire    + + .     SeeInvis .   d - +0 short sword
rCold    x . .     Faith    .   (no shield)
rNeg     . . .     Spirit   .   a - +0 robe
rPois    ∞         Reflect  .   (no helmet)
rElec    .         Harm     .   (no cloak)
rCorr    .         Rampage  .   (no gloves)
Will     .....                  (boots unavailable)
Stlth    ++........             (no amulet)
HPRegen  0.08/turn              (no ring)
MPRegen  0.00/turn              (no ring)

@: flying
A: fire resistance 2, cold vulnerability 1, float, innate caster, hp casting,
extra vitality 1
a: no special abilities


You were on level 3 of the Dungeon.
You visited 1 branch of the dungeon, and saw 3 of its levels.

You collected 96 gold pieces.

Inventory:

Hand Weapons
 d - a +0 short sword (weapon)
Armour
 a - a +0 robe (worn)
Scrolls
 e - a scroll of teleportation {unknown}
 g - a scroll of fear {unknown}
Potions
 b - a potion of ambrosia {unknown}
 c - a potion of haste {unknown}
 f - a potion of cancellation {unknown}
 h - a potion of attraction {unknown}
 i - a potion of flight {unknown}


   Skills:
 + Level 2.5 Dodging
 * Level 1.8 Stealth
 * Level 3.7 Spellcasting


You couldn't memorise any spells.
You knew the following spells:

 Your Spells              Type           Power      Damage    Failure   Level
a - Foxfire               Conj/Fire      60%        2x1d7     3%          1
b - Conjure Flame         Conj/Fire      15%        6-21      11%         3
c - Inner Flame           Hex/Fire       15%        N/A       11%         3
d - Sticky Flame          Conj/Fire      15%        2d4       34%         4
e - Fireball              Conj/Fire      7%         3d5       69%         5
f - Sting                 Tmut/Pois      60%        1d6       3%          1
Your spell library was empty.

Dungeon Overview and Level Annotations

Branches:
Dungeon (3/15)

Altars:

Annotations:
D:3 Natasha, Robin


Innate Abilities, Weirdness & Mutations

You are immune to poison.
Your flesh is very heat resistant. (rF++)
You are vulnerable to cold. (rC-)
You float through the air rather than walking.
You learn spells naturally, not from books.
Your magical power is your life essence.
You have superior vitality. (+4 HP)


Message History

You kill the hobgoblin!
The foxfire hits the bat.
The bat is severely wounded.
The foxfire hits the bat.
You kill the bat!
Your foxfire dissipates!
HP restored.
There is a large open door here.
Found a fizzy grey potion.
Things that are here:
a +0 whip; 2 stones You now have 89 gold pieces (gained 8).
i - a fizzy grey potion You now have 96 gold pieces (gained 7).
As you open the large door, it creaks loudly! 4 goblins, 2 orcs, Natasha and Robin come into view.
The goblin shouts!
The orc shouts!
The goblin shouts!
The orc shouts!
Natasha hisses angrily.
You hear a shout! x2
A hobgoblin comes into view.
An orc comes into view. It is wielding a +0 club.
An orc comes into view. It is wielding a +0 war axe.
Natasha stares at you and mumbles some strange words.
The magic dart hits you!
A hobgoblin comes into view. x2
Robin shouts!
You hear a shout! x2
Found 16 gold pieces.
You hear a shout!
Natasha casts a spell.
Natasha casts a spell at you. You resist with some effort.
The white imp gestures at you. The puff of frost hits you!
You feel a terrible chill!
Ouch! That really hurt!
* * * LOW HITPOINT WARNING * * *
The white imp is engulfed in a cloud of scalding steam.
There is a large open door here.
The white imp summons a swarm of flies.
The white imp gestures at you. The puff of frost hits you!
You feel a terrible chill!
You die...

#.#...# #.#### #.#
####.# ##....#
#.....# ###.....#
#.......#
#@##...## #..##.##
####''####
##§§≈..§≈≈##
##§§§§.§≈5≈≈##
#≈§§§§)§≈§§§§## g
#≈≈≈≈§§.§≈§§≈≈≈##
.g
≈≈≈§≈§§§.≈§§≈≈≈≈##


g#g ≈§≈§§≈§..§§≈§≈5≈≈# oogo You could see a white imp (summoned).

Vanquished Creatures
  A worm (D:2)
  2 dart slugs
  5 ball pythons
  4 bats
  9 endoplasms
  3 goblins
  4 hobgoblins
  A quokka (D:1)
  A frilled lizard (D:1)
  5 kobolds
  3 rats
38 creatures vanquished.

Vanquished Creatures (others)
  123 foxfires
123 creatures vanquished.

Grand Total: 161 creatures vanquished

Notes
Turn   | Place    | Note
-------+----------+-------------------------------------------
     0 | D:1      | robertstho the Djinni Fire Elementalist began the quest for
                  | the Orb.
     0 | D:1      | Reached XP level 1. HP: 15/15 MP: 0/0
   277 | D:1      | Reached skill level 3 in Spellcasting
   279 | D:1      | Reached XP level 2. HP: 16/21 MP: 0/0
  1085 | D:1      | Reached XP level 3. HP: 20/25 MP: 0/0
  1085 | D:1      | Learned a level 1 spell: Sting
  2489 | D:3      | Noticed Natasha
  2489 | D:3      | Noticed Robin
  2500 | D:3      | Killed from afar by a white imp

Illustrated notes

Levels and vault maps discovered:
D:1:      lemuel_arrival_cross, layout_basic,
          hangedman_abyss_or_decor_lesser_grid, corexii_item_surrounded_by_moat
D:2:      layout_loops_ring
D:3:      kennysheep_big_flooded_room, layout_loops_cross,
          shapermc_ecumenical_altar_starsandcircs, due_unseen_surprise,
          uniq_grinder, uniq_natasha, uniq_robin

Skill      XL: |  1 |
---------------+----+-----
Spellcasting   | 3 |  3.7
Dodging        | |  2.5
Stealth        | |  1.8

Action                   || total
-------------------------++-------
Melee: Unarmed           ||     1
 Cast: Foxfire           ||    89
Armor: Robe              ||     1
Dodge: Dodged            ||     4

Table legend: (Time is in decaauts)
 A = Elapsed time spent in this place.
 B = Non-inter-level travel time spent in this place.
 C = Inter-level travel time spent in this place.
 D = Time resting spent in this place.
 E = Time spent auto-exploring this place.
 F = Levels seen in this place.
 G = Mean time per level.
                   A        B        C        D        E       F      G
               +--------+--------+--------+--------+--------+-----+--------+
         Total |   2500 |   2416 |     84 |      0 |   2216 |   3 |  833.3 |
       Dungeon |   2500 |   2416 |     84 |      0 |   2216 |   3 |  833.3 |
               +--------+--------+--------+--------+--------+-----+--------+

Top non-repeatable levels by time:
     D:1: 1374 daAuts
     D:2: 989 daAuts
     D:3: 135 daAuts
